Workbook

Sheet Mode d'emploi
A1: ♡ MODE D'EMPLOI — SUIVI DE FINANCES PERSONNELLES
A3: Bienvenue !
A5: Bienvenue dans votre outil de gestion des finances personnelles !
A7: Ce fichier est conçu pour vous aider à organiser vos revenus, à planifier vos dépenses et à suivre votre budget mensuel simplement. Les calculs sont automatisés pour vous permettre de mieux comprendre votre situation financière.
A9: Public cible — salariés avec un revenu fixe principal
A11: Fréquence — mensuelle
A13: ÉTAPE 1 : DÉCOUVRIR LES 3 ONGLETS
A15: Votre fichier comprend trois onglets :
A17: Mode d'emploi — Pour comprendre le fonctionnement du fichier et découvrir les étapes à suivre.
A19: Budget — Pour planifier vos revenus et vos dépenses du mois.
A21: Suivi mensuel — Pour enregistrer vos revenus et vos dépenses réels, comparer les montants prévus aux montants réalisés et consulter un tableau de bord présentant les principaux indicateurs de votre budget.
A23: ÉTAPE 2 : COMPRENDRE LES NOTIONS CLÉS
... A81: Personnalisez votre fichier selon vos besoins, en prenant soin de préserver les formules.

Sheet Budget
E2: BUDGET PERSONNEL
E4: REVENUS
E5: Revenus | F5: Janv | G5: Févr | H5: Mars | I5: Avr | J5: Mai | K5: Juin | L5: Juil | M5: Août | N5: Sept | O5: Oct | P5: Nov | Q5: Déc | R5: Total
E6: Salaire net | F6: 2700 | R6: =SUM(F6:Q6) -> 2700
E7: Primes | F7: 100 | R7: =SUM(F7:Q7) -> 100
E8: Autres revenus occasionnels | F8: 0 | R8: =SUM(F8:Q8) -> 0
E9: Total | F9: =SUM(F6:F8) -> 2800 | G9: =SUM(G6:G8) -> 0 | H9: =SUM(H6:H8) -> 0 | I9: =SUM(I6:I8) -> 0 | J9: =SUM(J6:J8) -> 0 | K9: =SUM(K6:K8) -> 0 | L9: =SUM(L6:L8) -> 0 | M9: =SUM(M6:M8) -> 0 | ... Q9: =SUM(Q6:Q8) -> 0 | R9: =SUM(F9:Q9) -> 2800
E12: DEPENSES
E13: Dépenses fixes | F13: Janv | G13: Févr | H13: Mars | I13: Avr | J13: Mai | K13: Juin | L13: Juil | M13: Août | N13: Sept | O13: Oct | P13: Nov | Q13: Déc | R13: Total
E14: Loyer | F14: 600 | R14: =SUM(F14:Q14) -> 600
E15: Crédit auto | F15: 150 | R15: =SUM(F15:Q15) -> 150
E16: Eau | F16: 60 | R16: =SUM(F16:Q16) -> 60
E17: Electricité | F17: 120 | R17: =SUM(F17:Q17) -> 120
E18: Internet | F18: 40 | R18: =SUM(F18:Q18) -> 40
E19: Forfaits mobiles | F19: 30 | R19: =SUM(F19:Q19) -> 30
E20: Gaz | F20: 25 | R20: =SUM(F20:Q20) -> 25
E21: Assurances auto | F21: 70 | R21: =SUM(F21:Q21) -> 70
E22: Assurances habitation | F22: 20 | R22: =SUM(F22:Q22) -> 20
E23: Scolarité et frais scolaires | F23: 300 | R23: =SUM(F23:Q23) -> 300
E24: Contributions familiales | F24: 100 | R24: =SUM(F24:Q24) -> 100
E25: Total | F25: =SUM(F14:F24) -> 1515 | G25: =SUM(G14:G24) -> 0 | H25: =SUM(H14:H24) -> 0 | I25: =SUM(I14:I24) -> 0 | J25: =SUM(J14:J24) -> 0 | K25: =SUM(K14:K24) -> 0 | L25: =SUM(L14:L24) -> 0 | M25: =SUM(M14:M24) -> 0 | ... Q25: =SUM(Q14:Q24) -> 0 | R25: =SUM(F25:Q25) -> 1515
E27: Dépenses variables | F27: Janv | G27: Févr | H27: Mars | I27: Avr | J27: Mai | K27: Juin | L27: Juil | M27: Août | N27: Sept | O27: Oct | P27: Nov | Q27: Déc | R27: Total
E28: Alimentation | F28: 300 | R28: =SUM(F28:Q28) -> 300
E29: Carburant | F29: 100 | R29: =SUM(F29:Q29) -> 100
E30: Santé | F30: 20 | R30: =SUM(F30:Q30) -> 20
E31: Hygiène/Soins personnels | F31: 80 | R31: =SUM(F31:Q31) -> 80
E32: Habillement | F32: 150 | R32: =SUM(F32:Q32) -> 150
E33: Sport et loisirs | F33: 100 | R33: =SUM(F33:Q33) -> 100
E34: Entretien maison | F34: 50 | R34: =SUM(F34:Q34) -> 50
E35: Total | F35: =SUM(F28:F34) -> 800 | G35: =SUM(G28:G34) -> 0 | H35: =SUM(H28:H34) -> 0 | I35: =SUM(I28:I34) -> 0 | J35: =SUM(J28:J34) -> 0 | K35: =SUM(K28:K34) -> 0 | L35: =SUM(L28:L34) -> 0 | M35: =SUM(M28:M34) -> 0 | ... Q35: =SUM(Q28:Q34) -> 0 | R35: =SUM(F35:Q35) -> 800
E37: Epargne & Imprévus | F37: Janv | G37: Févr | H37: Mars | I37: Avr | J37: Mai | K37: Juin | L37: Juil | M37: Août | N37: Sept | O37: Oct | P37: Nov | Q37: Déc | R37: Total
E38: Epargne | F38: 250 | R38: =SUM(F38:Q38) -> 250
E39: Imprévus | F39: 100 | R39: =SUM(F39:Q39) -> 100
E40: Total | F40: =F38+F39 -> 350 | G40: =G38+G39 -> 0 | H40: =H38+H39 -> 0 | I40: =I38+I39 -> 0 | J40: =J38+J39 -> 0 | K40: =K38+K39 -> 0 | L40: =L38+L39 -> 0 | M40: =M38+M39 -> 0 | ... Q40: =Q38+Q39 -> 0 | R40: =SUM(F40:Q40) -> 350
E43: TOTAUX | F43: Janv | G43: Févr | H43: Mars | I43: Avr | J43: Mai | K43: Juin | L43: Juil | M43: Août | N43: Sept | O43: Oct | P43: Nov | Q43: Déc | R43: Année
E44: Revenus | F44: =F9 -> 2800 | G44: =G9 -> 0 | H44: =H9 -> 0 | I44: =I9 -> 0 | J44: =J9 -> 0 | K44: =K9 -> 0 | L44: =L9 -> 0 | M44: =M9 -> 0 | ... R44: =R9 -> 2800
E45: Dépenses | F45: =+F25+F35+F40 -> 2665 | G45: =+G25+G35+G40 -> 0 | H45: =+H25+H35+H40 -> 0 | I45: =+I25+I35+I40 -> 0 | J45: =+J25+J35+J40 -> 0 | K45: =+K25+K35+K40 -> 0 | L45: =+L25+L35+L40 -> 0 | M45: =+M25+M35+M40 -> 0 | ... Q45: =+Q25+Q35+Q40 -> 0 | R45: =+R25+R35+R38 -> 2565
E46: Différence | F46: =F9-F45 -> 135 | G46: =G9-G45 -> 0 | H46: =H9-H45 -> 0 | I46: =I9-I45 -> 0 | J46: =J9-J45 -> 0 | K46: =K9-K45 -> 0 | L46: =L9-L45 -> 0 | M46: =M9-M45 -> 0 | ... R46: =R9-R45 -> 235

Sheet Suivi mensuel
B2: Suiv mensuel du Budget
B4: Période : Janvier 2026
B6: Catégorie | C6: Montant Prévu | D6: Montant Réalisé | E6: Solde budgétaire | F6: % Dépenses
B7: Salaire net | C7: 2700 | D7: 2700 | E7: =C7-D7 -> 0
B8: Primes | C8: 100 | D8: 100 | E8: =C8-D8 -> 0
B9: Autres revenus occasionnels | C9: 0 | D9: 0 | E9: =C9-D9 -> 0
B10: TOTAL REVENUS | C10: =+SUM(C7:C9) -> 2800 | D10: =+SUM(D7:D9) -> 2800 | E10: =+SUM(E7:E9) -> 0
B12: Loyer | C12: =IF(B12=Budget!E14,Budget!F14) -> 600 | D12: 600 | E12: =C12-D12 -> 0 | F12: =D12/$C$41 -> 0.21253985
B13: Crédit auto | C13: =IF(B13=Budget!E15,Budget!F15) -> 150 | D13: 150 | E13: =C13-D13 -> 0 | F13: =D13/$C$41 -> 0.053134963
B14: Eau | C14: =IF(B14=Budget!E16,Budget!F16) -> 60 | D14: 70 | E14: =C14-D14 -> -10 | F14: =D14/$C$41 -> 0.024796316
B15: Electricité | C15: =IF(B15=Budget!E17,Budget!F17) -> 120 | D15: 110 | E15: =C15-D15 -> 10 | F15: =D15/$C$41 -> 0.038965639
B16: Internet | C16: =IF(B16=Budget!E18,Budget!F18) -> 40 | D16: 50 | E16: =C16-D16 -> -10 | F16: =D16/$C$41 -> 0.017711654
B17: Forfaits mobiles | C17: =IF(B17=Budget!E19,Budget!F19) -> 30 | D17: 20 | E17: =C17-D17 -> 10 | F17: =D17/$C$41 -> 0.0070846617
B18: Gaz | C18: =IF(B18=Budget!E20,Budget!F20) -> 25 | D18: 40 | E18: =C18-D18 -> -15 | F18: =D18/$C$41 -> 0.014169323
B19: Assurances auto | C19: =IF(B19=Budget!E21,Budget!F21) -> 70 | D19: 70 | E19: =C19-D19 -> 0 | F19: =D19/$C$41 -> 0.024796316
B20: Assurances habitation | C20: =IF(B20=Budget!E22,Budget!F22) -> 20 | D20: 20 | E20: =C20-D20 -> 0 | F20: =D20/$C$41 -> 0.0070846617
B21: Scolarité et frais scolaires | C21: =IF(B21=Budget!E23,Budget!F23) -> 300 | D21: 280 | E21: =C21-D21 -> 20 | F21: =D21/$C$41 -> 0.099185264
B22: Contributions familiales | C22: =IF(B22=Budget!E24,Budget!F24) -> 100 | D22: 100 | E22: =C22-D22 -> 0 | F22: =D22/$C$41 -> 0.035423309
B23: Dépenses fixes | C23: =SUM(C12:C22) -> 1515 | D23: =SUM(D12:D22) -> 1510 | E23: =SUM(E12:E22) -> 5
B24: Alimentation | C24: =IF(B24=Budget!E28,Budget!F28) -> 300 | D24: 430 | E24: =C24-D24 -> -130 | F24: =D24/$C$41 -> 0.15232023
B25: Carburant | C25: =IF(B25=Budget!E29,Budget!F29) -> 100 | D25: 200 | E25: =C25-D25 -> -100 | F25: =D25/$C$41 -> 0.070846617
B26: Santé | C26: =IF(B26=Budget!E30,Budget!F30) -> 20 | D26: 23 | E26: =C26-D26 -> -3 | F26: =D26/$C$41 -> 0.008147361
B27: Hygiène/Soins personnels | C27: =IF(B27=Budget!E31,Budget!F31) -> 80 | D27: 85 | E27: =C27-D27 -> -5 | F27: =D27/$C$41 -> 0.030109812
B28: Habillement | C28: =IF(B28=Budget!E32,Budget!F32) -> 150 | D28: 120 | E28: =C28-D28 -> 30 | F28: =D28/$C$41 -> 0.04250797
B29: Sport et loisirs | C29: =IF(B29=Budget!E33,Budget!F33) -> 100 | D29: 60 | E29: =C29-D29 -> 40 | F29: =D29/$C$41 -> 0.021253985
B30: Entretien maison | C30: =IF(B30=Budget!E34,Budget!F34) -> 50 | D30: 45 | E30: =C30-D30 -> 5 | F30: =D30/$C$41 -> 0.015940489
B31: Dépenses variables | C31: =SUM(C24:C30) -> 800 | D31: =SUM(D24:D30) -> 963 | E31: =SUM(E24:E30) -> -163
B32: Epargne | C32: =IF(B32=Budget!E38,Budget!F38) -> 250 | D32: 250 | E32: =C32-D32 -> 0 | F32: =D32/$C$41 -> 0.088558271
B33: Imprévus | C33: =IF(B33=Budget!E39,Budget!F39) -> 100 | D33: 100 | E33: =C33-D33 -> 0 | F33: =D33/$C$41 -> 0.035423309
B34: Epargne et Imprévus | C34: =C32+C33 -> 350 | D34: =D32+D33 -> 350 | E34: =E32+E33 -> 0
B36: TOTAL DEPENSES | C36: =+C23+C31+C34 -> 2665 | D36: =+D23+D31+D34 -> 2823 | E36: =+C36-D36 -> -158
B38: Tableau de bord
B40: Revenus perçus | C40: =D10 -> 2800
B41: Dépenses réalisées | C41: =+D23+D31+D34 -> 2823
B42: Montant restant | C42: =C40-C41 -> -23
B43: Catégorie la plus dépensière | C43: =INDEX(B12:B34,MATCH(MAX(F12:F34),F12:F34,0)) -> Loyer
B44: % d'épargne | C44: =+D32/C40 -> 0.089285714
B45: % des dépenses variables | C45: =+D31/C41 -> 0.34112646
B46: % des dépenses fixes | C46: =+D23/C41 -> 0.53489196
